 Dungeon Crawl Stone Soup version 0.17-a0-1946-gfb768fe (webtiles) character file.

20057 HungrySpirit the Transmogrifier (level 12, -7/97 HPs)
             Began as a Grey Draconian Transmuter on Oct 1, 2015.
             Was the Champion of Okawaru.
             Mangled by Maud
             ... wielding a +4 demon trident
              (29 damage)
             ... on level 2 of the Orcish Mines.
             The game lasted 00:47:44 (20186 turns).

HungrySpirit the Transmogrifier (DrTm)             Turns: 20186, Time: 00:47:44

Health: -7/97      AC: 20    Str: 15    XL:     12   Next: 42%
Magic:  23/24      EV: 12    Int: 16    God:    Okawaru [******]
Gold:   1068       SH:  0    Dex: 12    Spells: 4 memorised, 16 levels left

rFire  + . .     SeeInvis .       - Unarmed
rCold  . . .     Clarity  +     (armour unavailable)
rNeg   . . .     SustAt   .     (shield currently unavailable)
rPois  +         Gourm    .     (helmet restricted)
rElec  .         Spirit   .     L - +0 cloak {rPois}
rCorr  .         Warding  .     (gloves currently unavailable)
rMut   .         Stasis   .     D - +0 pair of boots
MR     .....                    r - amulet of clarity
Stlth  +.........               m - +5 ring of protection
                                t - ring of protection from fire

@: lethally poisoned (-7 -> -8), blade hands, not resistant to hostile
enchantments, very unstealthy
A: walk through water, unfitting armour, unbreathing, cold-blooded, AC +13
a: End Transformation, Heroism, Finesse, Renounce Religion


You were on level 2 of the Orcish Mines.
You worshipped Okawaru.
Okawaru was exalted by your worship.
You were not hungry.
You had blades for hands.
You visited 3 branches of the dungeon, and saw 16 of its levels.

You collected 1068 gold pieces.

Inventory:

Missiles
 l - a throwing net (quivered)
 A - 85 arrows
Armour
 D - a +0 pair of boots (worn)
 L - a +0 cloak of poison resistance (worn)
 Q - a +0 buckler
 T - a +0 pair of gloves of dexterity (melded)
Jewellery
 d - a +2 ring of evasion
 m - a +5 ring of protection (right scythe-like blade)
 r - an amulet of clarity (around neck)
 t - a ring of protection from fire (left scythe-like blade)
 x - an uncursed amulet of the gourmand
 y - an uncursed ring of protection from cold
 I - an uncursed ring of flight
 J - an uncursed amulet of stasis
 R - an uncursed ring of protection from magic
Magical devices
 a - a wand of heal wounds (3)
 o - a wand of flame (23)
 p - a wand of digging (15)
 w - a wand of polymorph (6)
 U - a wand of paralysis (14)
 V - a wand of slowing (25)
Scrolls
 g - 3 scrolls of teleportation
 k - 5 scrolls of identify
 n - a scroll of immolation
 q - 3 scrolls of amnesia
 s - a scroll of recharging
 z - a scroll of fog {unknown}
 B - a scroll of torment {unknown}
 O - 5 scrolls of remove curse
 S - a scroll of summoning {unknown}
Potions
 e - 11 potions of curing
 f - 2 potions of brilliance
 h - a potion of heal wounds
 v - a potion of invisibility
 C - 2 potions of magic
 F - 2 potions of agility
 G - a potion of beneficial mutation
 M - a potion of resistance
 N - 3 potions of berserk rage
 P - a potion of cancellation
Books
 K - a book of Changes

   Spells                             Type                      Level
   a - Beastly Appendage              Transmutation                1
   b - Sticks to Snakes               Transmutation                2
   c - Spider Form                    Transmutation/Poison         3
   d - Ice Form                       Ice/Transmutation            4
   e - Blade Hands                    Transmutation                5
Comestibles
 b - 17 royal jellies
 c - 14 bread rations
 u - 7 meat rations
 E - 4 fruits
 H - 2 beef jerkies


   Skills:
 + Level 6.3 Fighting
 - Level 1.7 Dodging
 + Level 4.5 Shields
 * Level 11.1 Unarmed Combat
 + Level 8.5 Spellcasting
 - Level 11.4 Transmutations
 - Level 6.5 Ice Magic
 + Level 3.6 Invocations


You had 16 spell levels left.
You knew the following spells:

 Your Spells              Type           Power        Failure   Level  Hunger
a - Beastly Appendage     Trmt           #####.       8%          1    None
b - Sticks to Snakes      Trmt           #####.....   10%         2    None
c - Ice Form              Ice/Trmt       #####...     24%         4    ###....
d - Blade Hands           Trmt           #####.....   24%         5    #####..


Dungeon Overview and Level Annotations

Branches:
Dungeon (11/15)            Temple (0/1) D:6            Lair (3/8) D:8
    Orc (2/4) D:10
  Swamp: Lair:3-6    Shoals: Lair:3-6     Snake: Lair:3-6    Spider: Lair:3-6

Altars:
Cheibriados
Gozag
Makhleb
Okawaru
Sif Muna
Trog
The Shining One
Beogh

Shops:
D:6 }   Orc:2 !

Portals:
Bailey: Orc:2

Annotations:
D:3 HungrySpirit's ghost, average DrTm
Orc:2 Maud; Rupert


Innate Abilities, Weirdness & Mutations

You can walk through water.
Your dull iron-grey scales are very hard (AC +13).
Your body does not fit into most forms of armour.
You can survive without breathing.
You are cold-blooded and may be slowed by cold attacks.


Message History

You kill the orc!
Okawaru accepts your kill. The orc barely misses you.
Maud hits you from afar with an enchanted demon trident!!
You feel sick. The orc barely misses you.
Maud hits you with an enchanted demon trident!!
Items here: )) [ † a club; a dagger of venom; a robe; an orc corpse You hit Maud but do no damage.
The orc closely misses you. The orc closely misses you.
Maud hits you with an enchanted demon trident!
* * * LOW HITPOINT WARNING * * *
Read which item? (? for menu, Esc to quit)
As you read the scroll of fear, it crumbles to dust.
You assume a fearsome visage.
Maud looks frightened!
The orc looks frightened!
The orc looks frightened!
You slash Maud!
Your attack snaps Maud out of her fear.
Maud is lightly wounded.
Maud hits you with an enchanted demon trident!!
You die...

#..........
##.))......
####.........
##.#.....#....
#.......## #..
##.....### .
##......# ##
##.#..)#..#
##.o)@@.#
##.........#
#o##......#
#.# ......#
... .......
##.. .......
.. .......
.....♣.


You could see Maud and 2 orcs.

Vanquished Creatures
  2 hydras
  An ugly thing (D:11)
  A black mamba (Lair:1)
  Maurice (D:9)
  Joseph (D:9)
  3 torpor snails (Lair:1)
  3 spiny frogs (Lair:1)
  A fire drake (D:8)
  A komodo dragon (D:11)
  3 two-headed ogres
  A queen bee (D:10)
  14 blink frogs
  2 shadows
  3 hippogriffs
  Sigmund (D:4)
  A spriggan (D:7)
  A basilisk (Lair:1)
  6 wolves (Lair:2)
  A hungry ghost (D:9)
  A steam dragon (D:11)
  4 water moccasins
  3 porcupines
  A swamp drake (D:10)
  7 orc warriors
  4 phantoms
  2 ice beasts (D:10)
  A black bear (D:11)
  3 sky beasts
  8 ogres
  5 centaurs
  7 crocodiles
  8 giant frogs
  A water moccasin zombie (D:10)
  A scorpion (D:8)
  42 killer bees
  An electric eel (Lair:2)
  A giant frog zombie (D:11)
  3 jellies
  A quasit (D:8)
  2 crimson imps
  A gnoll shaman (D:3)
  8 orc priests
  13 hounds
  13 orc wizards
  9 iguanas
  4 sheep (Lair:1)
  2 killer bee zombies
  8 worker ants
  A hound skeleton (D:5)
  A hound zombie (D:11)
  A worker ant zombie (D:9)
  Robin (D:2)
  20 river rats
  7 gnolls
  3 shadow imps
  11 adders
  2 oozes
  2 adder skeletons
  An adder zombie (D:8)
  11 worms
  3 giant geckos
  69 orcs
  A ball python (D:5)
  4 bats
  8 giant cockroaches
  17 goblins
  9 hobgoblins
  4 kobolds
  6 quokkas
  A giant gecko zombie (D:5)
  7 giant newts
  13 jackals
  2 quokka skeletons
  15 rats
431 creatures vanquished.

Vanquished Creatures (collateral kills)
  2 hydras
  A torpor snail (Lair:1)
  An ice beast (D:6)
  An ogre (D:3)
  A killer bee (D:5)
  A worker ant (D:4)
  2 gnolls (D:4)
  2 orcs
11 creatures vanquished.

Vanquished Creatures (others)
  An orc wizard (D:5)
  2 fungi (Lair:2)
  3 plants (Lair:2)
6 creatures vanquished.

Grand Total: 448 creatures vanquished

Notes
Turn   | Place    | Note
--------------------------------------------------------------
     0 | D:1      | HungrySpirit the Draconian Transmuter began the quest for the Orb.
     0 | D:1      | Reached XP level 1. HP: 16/16 MP: 3/3
   333 | D:1      | Reached XP level 2. HP: 23/23 MP: 3/5
   936 | D:2      | Noticed Robin
  1014 | D:2      | Reached XP level 3. HP: 7/28 MP: 6/6
  1738 | D:2      | Learned a level 2 spell: Sticks to Snakes
  1975 | D:1      | Reached skill level 4 in Unarmed Combat
  2001 | D:2      | Killed Robin
  2001 | D:2      | Reached XP level 4. HP: 32/35 MP: 7/7
  2345 | D:2      | Found an iron altar of Okawaru.
  2362 | D:2      | Became a worshipper of Warmaster Okawaru
  2500 | D:3      | Found a burning altar of Makhleb.
  2504 | D:3      | Found a glowing golden altar of the Shining One.
  2506 | D:3      | Noticed an ogre
  2589 | D:3      | Learned a level 4 spell: Ice Form
  2606 | D:3      | Noticed HungrySpirit's ghost (average DrTm)
  2607 | D:3      | Reached XP level 5. HP: 36/40 MP: 9/9
  3578 | D:3      | Killed an ogre
  3578 | D:3      | Reached skill level 5 in Unarmed Combat
  3578 | D:3      | Reached XP level 6. HP: 45/47 MP: 1/10
  3651 | D:3      | Noticed an ogre
  3658 | D:3      | Killed an ogre
  3658 | D:3      | Acquired Okawaru's first power
  4312 | D:3      | Noticed a moth of wrath
  4315 | D:3      | Found a bloodstained altar of Trog.
  4429 | D:4      | Reached skill level 1 in Ice Magic
  4670 | D:4      | Noticed Sigmund
  4686 | D:4      | Killed Sigmund
  4686 | D:4      | Reached skill level 5 in Transmutations
  4686 | D:4      | Your scales start taking on a dull iron-grey colour.
  4686 | D:4      | Gained mutation: You can survive without breathing. [Grey Draconian growth]
  4686 | D:4      | Reached XP level 7. HP: 33/52 MP: 12/12
  5701 | D:5      | Entered Level 5 of the Dungeon
  6093 | D:5      | Reached skill level 6 in Transmutations
  6181 | D:5      | Reached XP level 8. HP: 55/59 MP: 14/14
  7418 | D:6      | Found Qyr Vysm's Gadget Shoppe.
  7489 | D:6      | Found a staircase to the Ecumenical Temple.
  7732 | D:6      | Reached skill level 7 in Transmutations
  8538 | D:7      | Found an opulent altar of Gozag.
  9018 | D:7      | Reached XP level 9. HP: 55/64 MP: 12/16
  9103 | D:7      | Reached skill level 5 in Spellcasting
  9298 | D:8      | Reached skill level 8 in Transmutations
  9549 | D:8      | Found a deep blue altar of Sif Muna.
  9867 | D:8      | Found a staircase to the Lair.
  9867 | D:8      | Noticed a fire drake
  9898 | D:8      | Killed a fire drake
  9898 | D:8      | Reached skill level 5 in Ice Magic
 10379 | D:8      | Reached skill level 9 in Transmutations
 10633 | D:9      | Noticed Maurice
 10789 | D:9      | Killed Maurice
 10789 | D:9      | Reached XP level 10. HP: 46/71 MP: 13/19
 11512 | D:9      | Noticed Joseph
 11527 | D:9      | Killed Joseph
 11841 | D:10     | Entered Level 10 of the Dungeon
 11848 | D:10     | Learned a level 5 spell: Blade Hands
 11953 | D:10     | Reached skill level 10 in Transmutations
 11956 | D:10     | Acquired Okawaru's second power
 13052 | D:10     | Received a gift from Okawaru
 13118 | D:10     | Found a staircase to the Orcish Mines.
 13319 | D:11     | Reached XP level 11. HP: 80/80 MP: 21/21
 13566 | D:11     | Reached skill level 11 in Transmutations
 13812 | D:11     | Noticed an eight-headed hydra
 14557 | D:11     | Noticed a white ugly thing
 14568 | D:11     | Killed a white ugly thing
 14662 | D:11     | Killed an eight-headed hydra
 14662 | D:11     | Received a gift from Okawaru
 15199 | Lair:1   | Entered Level 1 of the Lair of Beasts
 15476 | Lair:1   | Reached skill level 1 in Shields
 16078 | Lair:1   | Found a snail-covered altar of Cheibriados.
 16541 | Lair:1   | Reached skill level 10 in Unarmed Combat
 16896 | Lair:1   | Reached skill level 1 in Invocations
 17005 | Lair:1   | Noticed a six-headed hydra
 17046 | Lair:1   | Killed a six-headed hydra
 17046 | Lair:1   | Received a gift from Okawaru
 17084 | Lair:1   | Reached skill level 5 in Fighting
 17779 | Lair:2   | Noticed a seven-headed hydra
 18021 | Lair:2   | Noticed a six-headed hydra
 18039 | Lair:2   | Killed a six-headed hydra
 18039 | Lair:2   | Reached XP level 12. HP: 49/94 MP: 12/24
 18436 | Lair:2   | Received a gift from Okawaru
 18555 | Lair:2   | Killed a seven-headed hydra
 19613 | Orc:1    | Entered Level 1 of the Orcish Mines
 19843 | Orc:2    | Found a roughly hewn altar of Beogh.
 19873 | Orc:2    | Found a flagged portal.
 19881 | Orc:2    | Noticed Maud
 19883 | Orc:2    | Noticed Rupert
 19887 | Orc:2    | Paralysed by Rupert for 7 turns
 19903 | Orc:2    | Found Ripp's Distillery.
 20186 | Orc:2    | Mangled by Maud

Vault maps used:
D:1:      onia_arrival_handbag, minmay_quantized
D:2:      lemuel_doored_altar, first_bread, uniq_robin
D:3:      tgw_trog, grunt_temple_overflow_open, serial_curves, eino_curves_03,
          eino_curves_02, eino_curves_03
D:4:      uniq_sigmund
D:5:      wad_woods_tower
D:6:      minmay_temple_entry_statues_fountains, serial_shops,
          nicolae_shop_trees
D:7:      overflow_temple_1_default, the_bakery
D:8:      kennysheep_orc_sif_temple, minmay_lair_entry_lava
D:9:      uniq_joseph, uniq_maurice
D:10:     erik_orc_1, special_room
Lair:1:   kennysheep_snail_temple, lemuel_fruit_fields
Lair:2:   serial_bayou_shore_a, infiniplex_staircase_pool_2, grunt_megastairs_3
Lair:3:   minmay_swamp_entry_worms, dummy_snake_entry, grunt_megastairs_4
Orc:1:    nicolae_orc_accident_1, serial_shops, shop, uniq_erolcha
Orc:2:    cheibrodos_orc_bank, serial_shops, nicolae_shop_behind_doors,
          nicolae_shop_trees, shop, nicolae_shop_temple_entry_statues_fountains,
          shop, basic_altar, enter_bailey_2, uniq_sonja, uniq_rupert, uniq_maud

Action                   |  1- 3 |  4- 6 |  7- 9 | 10-12 || total
-------------------------+-------+-------+-------+-------++-------
Melee: Unarmed           |   199 |   293 |   681 |   828 ||  2001
 Cast: Beastly Appendage |    12 |    24 |    41 |    16 ||    93
       Sticks to Snakes  |       |    14 |    18 |    47 ||    79
       Ice Form          |       |       |     9 |    25 ||    34
       Blade Hands       |       |       |       |    34 ||    34
Evoke: Wand              |       |       |       |     3 ||     3
  Use: Potion            |       |       |     1 |     1 ||     2
       Scroll            |       |       |    20 |     6 ||    26
 Stab: Distracted        |     1 |       |     1 |     1 ||     3
       Sleeping          |     1 |       |     1 |     1 ||     3
  Eat: Chunk             |     4 |     9 |    20 |    26 ||    59
       Beef jerky        |       |     1 |     1 |     1 ||     3
       Fruit             |       |       |     2 |    12 ||    14
       Pizza             |       |       |       |     4 ||     4
